 Dungeon Crawl Stone Soup version 0.18-a0-1267-gff090c1 (webtiles) character file.

1472 Foomius the Scholar of Death (level 8, -17/64 HPs)
             Began as a Demonspawn Necromancer on Feb 6, 2016.
             Was a Follower of Kikubaaqudgha.
             Killed from afar by HEYYEYAAE's ghost (34 damage)
             ... with a stone arrow
             ... on level 6 of the Dungeon.
             The game lasted 00:24:50 (4633 turns).

Foomius the Scholar of Death (DsNe)                 Turns: 4633, Time: 00:24:50

Health: -17/64     AC:  3    Str:  8    XL:     8   Next: 49%
Magic:  4/16       EV: 12    Int: 18    God:    Kikubaaqudgha [*.....]
Gold:   392        SH:  0    Dex: 15    Spells: 6 memorised, 4 levels left

rFire  . . .     SeeInvis .     a - +2 mace (crush)
rCold  + . .     Gourm    .     F - +0 robe
rNeg   . . .     Faith    .     (no shield)
rPois  .         Spirit   .     (helmet restricted)
rElec  .         Dismiss  .     B - +0 cloak
rCorr  .         Reflect  .     (no gloves)
SustAt .         Harm     .     (no boots)
MR     +....                    m - amulet of regeneration
Stlth  ++........               O - ring of protection from magic
                                p - +5 ring of slaying

@: somewhat resistant to hostile enchantments, unstealthy
A: claws 1, hooves 1, horns 1, cold resistance 1, spiny 2
a: Receive Corpses, Renounce Religion


You were on level 6 of the Dungeon.
You worshipped Kikubaaqudgha.
Kikubaaqudgha was aware of your devotion.
You were very hungry.

You visited 2 branches of the dungeon, and saw 7 of its levels.

You collected 392 gold pieces.

Inventory:

Hand Weapons
 a - a +2 mace of crushing (weapon)
 b - a +0 hunting sling
 L - the +1 hand axe "Globulus" {chop, *Drain rPois rC+}
   (You found it on level 5 of the Dungeon)

   It inflicts extra damage upon your enemies.
   It protects you from cold.
   It protects you from poison.
   It causes draining when unequipped.
Missiles
 d - 178 stones
 C - 41 sling bullets
 E - 17 poisoned needles
 Q - 7 javelins (quivered)
Armour
 B - a +0 cloak (worn)
 F - a +0 robe (worn)
Jewellery
 m - an amulet of regeneration (around neck)
 p - a +5 ring of slaying (left claw)
 t - a +5 ring of dexterity
 z - a +5 ring of strength
 O - a ring of protection from magic (right claw)
Wands
 y - a wand of flame (20/48)
 N - a wand of polymorph (13/24)
 P - a wand of iceblast (7/15)
Scrolls
 f - 2 scrolls of recharging {unknown}
 g - 4 scrolls of remove curse {unknown}
 h - 2 scrolls of fog {unknown}
 j - 4 scrolls of identify
 o - a scroll of blinking {unknown}
 r - 2 scrolls of teleportation {unknown}
 v - 4 scrolls of noise {unknown}
 w - a scroll of fear {unknown}
 x - 2 scrolls of amnesia {unknown}
 G - a scroll of magic mapping {unknown}
 J - a scroll of summoning {unknown}
 M - a scroll of enchant weapon {unknown}
Potions
 e - 6 potions of curing
 l - a potion of cure mutation {unknown}
 n - 2 potions of agility {unknown}
 q - 2 potions of haste {unknown}
 A - a potion of lignification {unknown}
 D - a potion of degeneration {unknown}
 H - a potion of cancellation {unknown}
Books
 k - Kikubaaqudgha's Guide on Dark Rituals
   (Kikubaaqudgha gifted it to you on level 5 of the Dungeon)

   Spells                             Type                      Level
   a - Pain                           Necromancy                   1
   b - Corpse Rot                     Necromancy                   2
   c - Sublimation of Blood           Necromancy                   2
   d - Regeneration                   Charms/Necromancy            3
   e - Control Undead                 Necromancy                   4
 I - a book of Necromancy

   Spells                             Type                      Level
   a - Pain                           Necromancy                   1
   b - Animate Skeleton               Necromancy                   1
   c - Vampiric Draining              Necromancy                   3
   d - Regeneration                   Charms/Necromancy            3
   e - Animate Dead                   Necromancy                   4
   f - Control Undead                 Necromancy                   4
Comestibles
 c - 2 bread rations
 i - 2 meat rations
 s - 4 beef jerkies
 u - 2 slices of pizza
 K - 2 fruits


   Skills:
 + Level 5.7 Fighting
 - Level 1.7 Dodging
 - Level 1.7 Stealth
 + Level 5.5 Spellcasting
 + Level 8.6 Necromancy


You had 4 spell levels left.
You knew the following spells:

 Your Spells              Type           Power        Failure   Level  Hunger
a - Pain                  Necr           ####         1%          1    None
b - Sublimation of Blood  Necr           #####.....   1%          2    #......
c - Control Undead        Necr           #####.....   3%          4    ####...
g - Regeneration          Chrm/Necr      ###.......   10%         3    ##.....
s - Animate Skeleton      Necr           N/A          1%          1    None
v - Vampiric Draining     Necr           #####.....   1%          3    ##.....


Dungeon Overview and Level Annotations

Branches:
Dungeon (6/15)             Temple (1/1) D:4

Altars:
Ashenzari
Cheibriados
Dithmenos
Elyvilon
Fedhas
Gozag
Kikubaaqudgha
Makhleb
Nemelex Xobeh
Okawaru
Pakellas
Qazlal
Ru
Sif Muna
Trog
Vehumet
Xom
Yredelemnul
Zin
The Shining One

Annotations:
D:6 HEYYEYAAE's ghost, novice HuEE


Innate Abilities, Weirdness & Mutations

You have sharp fingernails.
You have large cloven feet.
You have a pair of small horns on your head.
Your flesh is cold resistant.
You are mostly covered in sharp spines.


Message History

HEYYEYAAE's ghost is struck by your spines.
HEYYEYAAE's ghost hits you. x2
Drink which item? (? for menu, Esc to quit)
You feel better. HEYYEYAAE's ghost misses you.
HEYYEYAAE's ghost says, "You will never get the ORB!"
HEYYEYAAE's ghost gestures at you while chanting.
The stone arrow hits you!
* * * LOW HITPOINT WARNING * * *
Casting: Control Undead
Confirm with . or Enter, or press ? or * to list all spells.
Okay, then.
Unknown command.
Drink which item? (? for menu, Esc to quit)
You feel better.
HEYYEYAAE's ghost says, "Death is but another step down the path of knowledge."
HEYYEYAAE's ghost points at you and mumbles some strange words.
The stone arrow hits you!
Ouch! That really hurt!
You die...
Kikubaaqudgha rasps: "You have failed me!
Welcome... death!"

#......# #########
##......## #........#
#........# #######
#........# #.....#
#........# #.....#
#........# #.....# ####
#........###.....###...
#....>@.W..'.....'.....
#.......5###.....#.....
#...###### #######.....
#...# #..... #...#
##.... #...# #....
#...# #..## ##### #...#
#.#.#


You could see a quasit and HEYYEYAAE's ghost.

Vanquished Creatures
  Grinder (D:4)
  A phantom (D:6)
  3 ogres
  A gnoll sergeant (D:5)
  A giant frog (D:6)
  2 wights (D:6)
  2 crimson imps
  A jelly (D:6)
  A giant frog zombie (D:5)
  2 hounds
  2 giant frog skeletons
  Crazy Yiuf (D:4)
  Ijyb (D:3)
  An iguana (D:5)
  5 worker ants
  2 hound skeletons
  9 gnolls
  A worker ant zombie (D:5)
  5 adders
  An ooze (D:6)
  An adder skeleton (D:4)
  4 worms
  A giant gecko (D:1)
  An orc (D:4)
  4 giant cockroaches
  8 hobgoblins
  10 jackals (D:4)
  4 kobolds
  2 quokkas (D:2)
  6 bats
  A giant cockroach zombie (D:5)
  6 giant newts
  A goblin (D:2)
  A jackal zombie (D:5)
  A quokka zombie (D:5)
  7 rats
  A fungus (D:3)
102 creatures vanquished.

Vanquished Creatures (collateral kills)
  An ice beast (D:6)
  A wight (D:6)
  An orc priest (D:6)
  3 orcs (D:6)
  A goblin (D:3)
  A rat (D:2)
8 creatures vanquished.

Grand Total: 110 creatures vanquished

Notes
Turn   | Place    | Note
--------------------------------------------------------------
     0 | D:1      | Foomius the Demonspawn Necromancer began the quest for the Orb.
     0 | D:1      | Reached XP level 1. HP: 13/13 MP: 3/3
   306 | D:1      | Gained mutation: You have a pair of small horns on your head. [demonic ancestry]
   306 | D:1      | Reached XP level 2. HP: 11/19 MP: 1/5
   557 | D:1      | Reached skill level 5 in Necromancy
   804 | D:2      | Found a glowing silver altar of Zin.
   804 | D:2      | Noticed an angel
   883 | D:2      | Found a shimmering altar of Xom.
   889 | D:2      | Gained mutation: You are partially covered in sharp spines. [demonic ancestry]
   889 | D:2      | Reached XP level 3. HP: 13/24 MP: 4/6
   996 | D:2      | Learned a level 1 spell: Animate Skeleton
  1000 | D:2      | Learned a level 3 spell: Vampiric Draining
  1044 | D:2      | Reached skill level 1 in Fighting
  1323 | D:2      | Gained mutation: You are mostly covered in sharp spines. [demonic ancestry]
  1323 | D:2      | Reached XP level 4. HP: 32/32 MP: 7/7
  1825 | D:3      | Noticed Ijyb
  1833 | D:3      | Killed Ijyb
  1981 | D:3      | Reached skill level 6 in Necromancy
  2086 | D:3      | Gained mutation: You have sharp fingernails. [demonic ancestry]
  2086 | D:3      | Reached XP level 5. HP: 3/38 MP: 1/8
  2427 | D:4      | Found a staircase to the Ecumenical Temple.
  2436 | Temple   | Entered the Ecumenical Temple
  2532 | Temple   | Became a worshipper of Kikubaaqudgha
  2605 | D:4      | Noticed Crazy Yiuf
  2609 | D:4      | Killed Crazy Yiuf
  2712 | D:4      | Found a sparkling altar of Nemelex Xobeh.
  2715 | D:4      | Found a snail-covered altar of Cheibriados.
  2716 | D:4      | Found a shadowy altar of Dithmenos.
  2716 | D:4      | Found an oddly glowing altar of Pakellas.
  2716 | D:4      | Found a blossoming altar of Fedhas.
  2716 | D:4      | Found a shattered altar of Ashenzari.
  2826 | D:4      | Noticed an ogre
  2829 | D:4      | Killed an ogre
  2829 | D:4      | Gained mutation: You have large cloven feet. [demonic ancestry]
  2829 | D:4      | Reached XP level 6. HP: 28/47 MP: 6/10
  2876 | D:4      | Noticed Grinder
  2983 | D:4      | Learned a level 3 spell: Regeneration
  3120 | D:4      | Killed Grinder
  3120 | D:4      | Reached skill level 7 in Necromancy
  3120 | D:4      | Gained mutation: Your flesh is cold resistant. [demonic ancestry]
  3120 | D:4      | Reached XP level 7. HP: 49/53 MP: 12/12
  3219 | D:4      | Learned a level 4 spell: Control Undead
  3349 | D:5      | Entered Level 5 of the Dungeon
  3559 | D:5      | Got an iridescent hand axe
  3560 | D:5      | Identified the +1 hand axe "Globulus" {chop, *Drain rPois rC+} (You found it on level 5 of the Dungeon)
  3774 | D:5      | Reached * piety under Kikubaaqudgha
  3774 | D:5      | Received a gift from Kikubaaqudgha
  3775 | D:5      | Identified Kikubaaqudgha's Guide on Dark Rituals (Kikubaaqudgha gifted it to you on level 5 of the Dungeon)
  3779 | D:5      | Learned a level 2 spell: Sublimation of Blood
  4033 | D:5      | Reached skill level 8 in Necromancy
  4033 | D:5      | Reached XP level 8. HP: 49/61 MP: 11/15
  4270 | D:6      | Reached skill level 5 in Fighting
  4319 | D:6      | Reached skill level 5 in Spellcasting
  4570 | D:6      | Noticed HEYYEYAAE's ghost (novice HuEE)
  4633 | D:6      | Killed from afar by HEYYEYAAE's ghost

Vault maps used:
D:1:      dpeg_arrival_pits, minmay_misc_feat_pillars, monster_avoids_cloud
D:2:      grunt_temple_overflow_order_and_chaos_1, first_bread
D:3:      minmay_gold_behind_fungi, uniq_iyjb
D:4:      grunt_temple_overflow_open, minmay_temple_entry_overgrown,
          uniq_grinder, uniq_crazy_yiuf_cottage
Temple:   circular_temple_12

Action                   |  1- 3 |  4- 6 |  7- 9 || total
-------------------------+-------+-------+-------++-------
Melee: Falchion          |    14 |    39 |       ||    53
       Mace              |       |    10 |    60 ||    70
 Fire: Hunting sling     |       |     2 |       ||     2
Throw: Stone             |    11 |     2 |       ||    13
       Javelin           |       |       |     6 ||     6
 Cast: Pain              |    37 |    20 |    14 ||    71
       Animate Skeleton  |     4 |    15 |     7 ||    26
       Vampiric Draining |       |     5 |     6 ||    11
       Regeneration      |       |     1 |     1 ||     2
       Control Undead    |       |       |     6 ||     6
       Sublimation of Bl |       |       |     1 ||     1
Evoke: Wand              |       |       |     1 ||     1
  Use: Scroll            |       |       |     1 ||     1
       Potion            |       |       |     2 ||     2
 Stab: Sleeping          |     4 |     8 |     1 ||    13
  Eat: Chunk             |     2 |     6 |     5 ||    13
